Map: Traitor's Exile

Players

ILIEKEGGPIE

  • Race: Zerg Zerg
  • League: Platinum
  • Spawn Location: 5:00

Сахас

  • Race: Protoss Protoss
  • Spawn Location: 6:00

GREGOR

  • Race: Zerg Zerg
  • Spawn Location: 12:00

laravel

  • Race: Zerg Zerg
  • Spawn Location: 9:00

VOD

Have the link to the VOD?

Description

Time

  • Played on: June 11, 2018, 8:49 p.m.
  • Length: 7:07
Show
View Real Time Build Order
Export as new Build Order

ILIEKEGGPIE Zerg 

Build Orders: Hatch First 

Get SALT Encoding   

  12  0:01  Drone  
  13  0:10  Drone  
  14  0:19  Overlord  
  14  0:38  Drone x3  
  17  0:52  Extractor  
  17  0:53  Drone  
  17  1:00  Hatchery  
  16  1:10  Drone  
  17  1:18  Spawning Pool  
  16  1:20  Drone  
  17  1:25  Drone  
  18  1:38  Drone  
  19  1:58  Overlord  
  19  2:07  Queen  
  21  2:11  Zergling x2  
  21  2:12  Zergling x2  
  21  2:13  Metabolic Boost  
  23  2:24  Spine Crawler  
  23  2:26  Zergling x4  
  24  2:34  Zergling x4  
  26  2:41  Spine Crawler  
  26  2:43  Zergling x2  
  26  3:01  Drone  
  28  3:05  Drone  
  28  3:08  Extractor  
  28  3:10  Queen  
  29  3:13  Overlord  
  29  3:17  Drone  
  30  3:32  Drone x3  
  33  3:43  Drone  
  34  4:02  Spine Crawler  
  33  4:12  Lair  
  33  4:13  Roach Warren  
  17  5:03  Roach  
  17  5:04  Roach x5  
  29  5:22  Nydus Network  
  29  5:26  Drone x2  
  30  5:39  Roach x3  
  36  5:53  Drone  
  37  6:12  Nydus Canal  
  37  6:27  Hatchery  
Show
View Real Time Build Order
Export as new Build Order

Сахас Protoss 

Build Orders:  

Get SALT Encoding   

Show
View Real Time Build Order
Export as new Build Order

GREGOR Zerg 

Build Orders: Hatch First 

Get SALT Encoding   

  12  0:01  Drone  
  13  0:11  Drone  
  14  0:20  Overlord  
  14  0:41  Drone x3  
  17  0:56  Hatchery  
  16  1:12  Spawning Pool  
  16  1:17  Drone x2  
  17  1:21  Drone  
  18  1:31  Overlord  
  18  1:34  Extractor  
  17  1:59  Queen  
  19  2:03  Zergling x2  
  19  2:04  Zergling x4  
  22  2:08  Queen  
  22  2:10  Zergling x2  
  25  2:27  Zergling x4  
  25  2:28  Zergling x2  
  28  2:47  Metabolic Boost  
  28  2:59  Drone  
  28  3:00  Drone x5  
  34  3:07  Baneling Nest  
  33  3:18  Drone x2  
  35  3:21  Drone  
  36  3:34  Lair  
  36  3:37  Extractor  
  36  3:39  Extractor  
  34  3:42  Roach Warren  
  34  3:45  Drone  
  34  3:46  Drone x2  
  36  4:13  Baneling x5  
  35  4:33  Baneling  
  33  4:40  Baneling  
  33  4:41  Baneling  
  29  5:03  Roach x3  
  29  5:04  Overlord x3  
  35  5:07  Glial Reconstitution  
  35  5:11  Burrow  
  35  5:14  Overlord x2  
  35  5:15  Drone  
  36  5:29  Roach  
  36  5:30  Roach x5  
  36  5:31  Roach  
  36  5:34  Drone  
  51  5:37  Drone  
  52  5:44  Drone x2  
  52  5:47  Drone  
  55  5:59  Roach  
  55  6:01  Roach x2  
  63  6:04  Roach  
  63  6:20  Roach x3  
  63  6:24  Roach  
  69  6:35  Roach  
  69  6:36  Roach x3  
  74  6:46  Roach  
Show
View Real Time Build Order
Export as new Build Order

laravel Zerg 

Build Orders: Pool First 

Get SALT Encoding   

  12  0:01  Drone  
  13  0:26  Spawning Pool  
  13  0:28  Extractor  
  11  0:30  Drone  
  11  0:34  Drone  
  13  0:39  Drone  
  14  0:53  Overlord  
  14  1:15  Queen  
  14  1:16  Zergling x4  
  14  1:17  Zergling x2  
  19  1:31  Zergling x2  
  20  1:35  Metabolic Boost  
  20  1:44  Zergling x2  
  21  1:58  Overlord  
  21  2:13  Zergling x2  
  22  2:25  Zergling x2  
  22  2:26  Drone  
  24  2:31  Hatchery  
  23  2:43  Drone  
  23  2:44  Drone x2  
  25  3:15  Baneling Nest  
  24  3:22  Queen  
  24  3:24  Zergling x6  
  29  3:44  Zergling x2  
  29  3:45  Zergling x8  
  34  4:00  Baneling x3  
  34  4:09  Baneling x2  
  34  4:13  Overlord x2  
  34  4:20  Drone  
  35  4:37  Drone  
  35  4:38  Drone x6  
  41  4:45  Overlord  
  42  4:46  Drone  
  29  5:06  Drone x4  
  29  5:07  Drone x3  
  35  5:11  Lair  
  36  5:15  Extractor  
  36  5:18  Drone  
  36  5:29  Drone x4  
  36  5:30  Drone x2  
  42  5:37  Extractor  
  42  5:39  Zergling x2  
  42  5:49  Spore Crawler  
  41  5:52  Spore Crawler  
  40  5:58  Drone x5  
  40  5:59  Drone x3  
  40  6:03  Baneling x2  
  48  6:14  Spire  
  47  6:27  Extractor  
  47  6:31  Zergling x6  
  47  6:32  Zergling x12  
  55  6:34  Hatchery  
  54  6:42  Zergling x2  
  54  6:46  Zergling x2  
Tags
 
Add a new tag
Caveats
  • Supply blocks, unpowered buildings, or Contaminate may cause inaccurate times.
  • Supply counts are checked every 10 seconds.